AoeStats
← Chalmers

Fortress

509029355Analyzed
2v2 RM · 8d ago on Sep 25, 2026· 50m 41s· 4 players
Game mode
Random Map
Map size
Normal (6 player)
Population
200
Speed
Normal
Resources
Standard
Victory
Conquest
Starting age
Dark Age
Ending age
Imperial Age
RankedLock teamsTeams togetherTeam positionsShared explorationLock speedFull tech treeHidden civsTurbo modeCheats
Victory
Defeat
🇲🇽 Italians · Mexico
827
+15
🇲🇽 Magyars · Mexico
804
+21
🇨🇦 Vikings · Canada
804
-15
🇨🇦 Poles · Canada
804
-15
SaMgAmEpLaY
10:16 Feudal Age
11:22 Double-Bit Axe
11:20 Horse Collar
13:28 Loom
14:18 Wheelbarrow
16:41 Castle Age
15:34 Fletching
15:50 Town Watch
16:45 Padded Archer Armor
18:04 Gold Mining
18:36 Stone Mining
22:23 Hand Cart
22:09 Town Patrol
27:38 Stone Shaft Mining
28:40 Caravan
29:10 Coinage
33:07 Imperial Age
32:31 Bow Saw
32:28 Heavy Plow
33:30 Silk Road
35:10 Two-Man Saw
36:02 Chemistry
36:01 Ballistics
35:24 Treadmill Crane
36:18 Conscription
36:40 Banking
36:46 Thumb Ring
40:02 Crop Rotation
39:30 Bodkin Arrow
39:50 Leather Archer Armor
41:25 Pirotechnia
42:32 Elite Genoese Crossbowman
43:50 Guilds
46:48 Bracer
47:19 Ring Archer Armor
Oriel Sidhe
6:32 Loom
8:32 Feudal Age
9:19 Double-Bit Axe
13:46 Castle Age
12:27 Gold Mining
13:22 Scale Barding Armor
14:40 Wheelbarrow
14:58 Bow Saw
15:10 Horse Collar
16:53 Caravan
18:07 Corvinian Army
23:07 Hand Cart
22:42 Town Watch
22:49 Pikeman
25:53 Stone Mining
26:09 Heavy Plow
25:43 Crossbowman
29:34 Fletching
30:06 Chain Barding Armor
34:36 Imperial Age
33:32 Padded Archer Armor
34:46 Murder Holes
35:04 Thumb Ring
35:46 Conscription
37:49 Chemistry
36:21 Capped Ram
37:25 Bodkin Arrow
38:11 Gold Shaft Mining
38:55 Town Patrol
40:05 Elite Magyar Huszar
41:23 Plate Barding Armor
40:49 Bracer
40:50 Scale Mail Armor
41:07 Leather Archer Armor
41:06 Halberdier
44:38 Recurve Bow
45:05 Parthian Tactics
44:02 Arbalester
44:45 Man-at-Arms
45:11 Arson
46:49 Heavy Cavalry Archer
48:25 Heavy Scorpion
49:47 Chain Mail Armor
Chalmers
7:52 Feudal Age
8:18 Loom
10:10 Double-Bit Axe
10:10 Horse Collar
10:49 Gold Mining
14:14 Castle Age
14:05 Scale Mail Armor
14:15 Forging
17:22 Iron Casting
19:48 Bow Saw
19:39 Heavy Plow
21:00 Chain Mail Armor
22:49 Squires
22:36 Arson
33:40 Imperial Age
31:45 Town Watch
34:12 Chieftains
34:35 Capped Ram
36:45 Crop Rotation
37:20 Two-Man Saw
36:58 Elite Varangian Guard
39:31 Blast Furnace
43:04 Gold Shaft Mining
43:40 Plate Mail Armor
45:14 Siege Ram
50:01 Pikeman
Sloth
1:59 Loom
7:54 Feudal Age
6:12 Loom
8:37 Double-Bit Axe
8:45 Horse Collar
14:44 Castle Age
13:25 Wheelbarrow
13:57 Bloodlines
13:57 Scale Barding Armor
14:03 Gold Mining
14:22 Town Watch
15:21 Wheelbarrow
15:49 Light Cavalry
17:13 Heavy Plow
17:28 Bow Saw
17:56 Chain Barding Armor
18:19 Husbandry
19:48 Stone Mining
21:09 Forging
20:52 Fletching
22:15 Hand Cart
29:14 Imperial Age
27:23 Iron Casting
27:14 Ballistics
27:19 Szlachta Privileges
29:18 Cavalier
31:59 Caravan
34:31 Winged Hussar
36:15 Blast Furnace
41:58 Block Printing
Connection lost

Rejoining the realm…

Still unreachable

The connection could not be restored.

Session expired

The server has moved on; the page needs a fresh start.